 Dungeon Crawl Stone Soup version 0.17-a0-2093-gc772f4b (webtiles) character file.

74 st0uf the Shield-Bearer (level 4, -2/37 HPs)
             Began as a Formicid Fighter on Oct 16, 2015.
             Was an Initiate of Okawaru.
             Slain by Duffy's ghost (10 damage)
             ... on level 3 of the Dungeon.
             The game lasted 00:08:28 (1310 turns).

st0uf the Shield-Bearer (Formicid Fighter)          Turns: 1310, Time: 00:08:28

Health: -2/37      AC: 11    Str: 22    XL:     4   Next: 54%
Magic:  4/4        EV:  0    Int:  7    God:    Okawaru [......]
Gold:   24         SH: 10    Dex: 10    Spells: 0 memorised, 3 levels left

rFire  x . .     SeeInvis +     o - +0 mace
rCold  + . .     Clarity  .     m - +0 plate armour
rNeg   . . .     SustAt   .     c - +0 shield
rPois  .         Gourm    .     (helmet unavailable)
rElec  .         Spirit   .     (no cloak)
rCorr  +         Warding  .     (no gloves)
rMut   .         Stasis   +     (no boots)
MR     .....                    h - amulet of resist corrosion
Stlth  ..........               (no ring)
                                f - ring of ice

@: not resistant to hostile enchantments, extremely unstealthy
A: permanent stasis, dig shafts and tunnels, four strong arms, antennae 3
a: Dig, Shaft Self, Renounce Religion


You were on level 3 of the Dungeon.
You worshipped Okawaru.
Okawaru was noncommittal.
You were hungry.

You visited 1 branch of the dungeon, and saw 3 of its levels.

You collected 24 gold pieces.

Inventory:

Hand Weapons
 a - a +0 long sword
 o - a +0 mace (weapon)
Armour
 b - a +0 scale mail
 c - a +0 shield (worn)
 m - a +0 plate armour (worn)
Jewellery
 f - a ring of ice (left hand)
 h - an amulet of resist corrosion (around neck)
Scrolls
 g - a scroll of identify {unknown}
 i - 2 scrolls of random uselessness {unknown}
 j - a scroll of recharging {unknown}
 k - 3 scrolls of remove curse {unknown}
 n - a scroll of noise {unknown}
Potions
 d - a potion of might
Comestibles
 e - 2 bread rations


   Skills:
 + Level 3.8 Fighting
 - Level 2.0 Long Blades
 + Level 0.4 Maces & Flails
 + Level 4.1 Armour
 + Level 4.8 Shields


You had 3 spell levels left.
You didn't know any spells.

Dungeon Overview and Level Annotations

Branches:
Dungeon (3/15)

Altars:
Okawaru
Trog

Annotations:
D:3 Duffy's ghost, weakling VSFi; Grinder


Innate Abilities, Weirdness & Mutations

You are under a permanent stasis effect.
You can dig through walls and to a lower floor.
Your four strong arms can wield two-handed weapons with a shield.
You have a pair of large antennae on your head (SInv).


Message History

Put on which piece of jewellery? (? for menu, Esc to quit)
h - an amulet of resist corrosion (around neck)
You barely miss Duffy's ghost. Duffy's ghost hits you.
You block Duffy's ghost's attack.
You hit Duffy's ghost.
Duffy's ghost is lightly damaged.
You are feeling hungry.
Duffy's ghost hits you but does no damage.
You closely miss Duffy's ghost.
Duffy's ghost is lightly damaged.
Duffy's ghost barely misses you. Duffy's ghost hits you!
You hit Duffy's ghost but do no damage.
Duffy's ghost is lightly damaged.
Duffy's ghost hits you!
You hit Duffy's ghost.
Duffy's ghost is lightly damaged.
Duffy's ghost hits you!
* * * LOW HITPOINT WARNING * * *
Duffy's ghost hits you!
You die...

......# #
......##.# #
....<....# #.
.....<# #.#
..5...# ..##
......# #.###>#
......# #.....#
.......
##.###W########
.......
........@.......
.#.####
####...#########
.#. ##.# #. #. #


You could see Duffy's ghost.

Vanquished Creatures
  5 adders (D:2)
  An ooze (D:2)
  2 giant cockroaches (D:1)
  8 goblins
  2 hobgoblins
  A ball python (D:1)
  3 bats
  5 kobolds
  2 rats (D:2)
29 creatures vanquished.

Notes
Turn   | Place    | Note
--------------------------------------------------------------
     0 | D:1      | st0uf the Formicid Fighter began the quest for the Orb.
     0 | D:1      | Reached XP level 1. HP: 18/18 MP: 1/1
   232 | D:1      | Reached XP level 2. HP: 24/24 MP: 2/2
   253 | D:1      | Reached skill level 4 in Shields
   523 | D:2      | Reached XP level 3. HP: 21/29 MP: 3/3
   782 | D:2      | Found an iron altar of Okawaru.
   794 | D:2      | Became a worshipper of Warmaster Okawaru
   950 | D:2      | Reached XP level 4. HP: 34/37 MP: 4/4
  1136 | D:2      | Found a bloodstained altar of Trog.
  1283 | D:3      | Noticed Grinder
  1299 | D:3      | Noticed Duffy's ghost (weakling VSFi)
  1310 | D:3      | Slain by Duffy's ghost

Vault maps used:
D:1:      dpeg_arrival_tiny_f, nrook_mini_backslash,
          hangedman_decor_clover_reticule
D:2:      lemuel_crystal_altar, lemuel_round_altar
D:3:      kb_xom_exploding_sheep, lemuel_round_altar,
          nemelex_xobeh_ov_fountains_minmay, lemuel_coloured_pillars_altar,
          okawaru_gym_becter, uniq_grinder, uniq_crazy_yiuf_cottage

Action                   |  1- 3 |  4- 6 || total
-------------------------+-------+-------++-------
Melee: Long sword        |    93 |       ||    93
       Mace              |       |    29 ||    29
  Eat: Chunk             |       |     1 ||     1
